AoeStats
← Cool Dog

Arena

510172578Analyzed
4v4 RM · 2d ago on Sep 29, 2026· 42m 53s· 8 players
Game mode
Random Map
Map size
Large (8 player)
Population
200
Speed
Normal
Resources
Standard
Victory
Conquest
Starting age
Dark Age
Ending age
Imperial Age
RankedLock teamsTeams togetherTeam positionsShared explorationLock speedFull tech treeHidden civsTurbo modeCheats
Victory
Defeat
🇪🇸 Persians · Spain
1192
+16
🇩🇪 Portuguese · Germany
1152
+17
🇩🇪 Khmer · Germany
1116
+19
🇩🇪 Danes · Germany
1115
+19
🇨🇳 Maya · China
1214
-19
🇬🇧 Celts · United Kingdom
1199
-18
1182
-18
🇦🇷 Byzantines · Argentina
1136
-16
rdy2run ツ
0:27 Loom
11:54 Feudal Age
16:40 Castle Age
15:49 Horse Collar
15:57 Double-Bit Axe
23:26 Fervor
31:25 Imperial Age
29:09 Town Watch
30:01 Wheelbarrow
30:38 Town Patrol
33:36 Chemistry
33:54 Arquebus
34:32 Conscription
35:24 Siege Engineers
36:28 Fletching
37:45 Elite Organ Gun
38:41 Bodkin Arrow
39:10 Ballistics
38:49 Murder Holes
42:02 Bracer
42:28 Bow Saw
Cool Dog
9:56 Feudal Age
11:58 Double-Bit Axe
15:21 Castle Age
13:13 Horse Collar
20:20 Forging
23:52 Husbandry
23:18 Light Cavalry
25:18 Scale Barding Armor
26:44 Bloodlines
28:40 Wheelbarrow
29:33 Hand Cart
33:55 Imperial Age
32:55 Chain Barding Armor
32:36 Stone Mining
35:06 Iron Casting
34:29 Gold Mining
35:46 Bow Saw
35:42 Heavy Plow
36:47 Hussar
38:32 Blast Furnace
Dabbler
9:39 Feudal Age
11:14 Loom
13:44 Castle Age
12:17 Double-Bit Axe
12:26 Horse Collar
23:10 Wheelbarrow
28:33 Heavy Plow
35:41 Imperial Age
34:45 Forging
37:16 Iron Casting
36:42 Scale Mail Armor
36:51 Elite Jomsviking
39:36 Blast Furnace
40:39 Chain Mail Armor
41:44 Plate Mail Armor
43:00 Hand Cart
ImFriendly
9:22 Feudal Age
10:32 Feudal Age
14:08 Castle Age
12:00 Double-Bit Axe
12:11 Horse Collar
15:18 Bow Saw
19:56 Loom
20:26 Heavy Plow
20:35 Gold Mining
21:38 Wheelbarrow
20:49 Town Watch
24:12 Bloodlines
24:09 Scale Barding Armor
24:15 Forging
24:48 Hand Cart
26:07 Gold Shaft Mining
27:06 Chain Barding Armor
27:18 Chain Barding Armor
27:41 Husbandry
30:29 Imperial Age
28:40 Iron Casting
29:35 Gold Shaft Mining
29:42 Iron Casting
30:10 Cavalier
32:34 Plate Barding Armor
31:25 Savar
36:06 Light Cavalry
37:47 Hussar
40:22 Blast Furnace
41:21 Caravan
Pte. psiquiatrico en pañales
7:39 Loom
10:03 Feudal Age
10:46 Double-Bit Axe
22:16 Castle Age
26:02 Bow Saw
25:56 Fletching
33:23 Fortified Wall
34:00 Horse Collar
jorvikshungite
0:32 Loom
11:30 Feudal Age
12:09 Double-Bit Axe
18:29 Castle Age
16:53 Forging
17:39 Scale Mail Armor
17:43 Horse Collar
19:15 Gambesons
19:37 Pikeman
20:31 Gold Mining
21:25 Man-at-Arms
22:54 Long Swordsman
25:15 Chain Mail Armor
25:16 Arson
25:41 Stone Mining
26:59 Iron Casting
28:50 Wheelbarrow
30:47 Fletching
33:07 Bodkin Arrow
34:36 Padded Archer Armor
35:36 Leather Archer Armor
35:09 Crossbowman
38:04 Ballistics
39:40 Masonry
余淮nb
0:33 Loom
9:36 Feudal Age
13:49 Castle Age
11:57 Double-Bit Axe
12:32 Horse Collar
14:58 Bow Saw
20:22 Wheelbarrow
20:31 Heavy Plow
22:32 Gold Mining
24:26 Hand Cart
28:24 Imperial Age
26:54 Scale Mail Armor
27:22 Ballistics
28:15 Chain Mail Armor
29:03 Forging
29:29 Conscription
29:07 Town Watch
29:15 Stone Mining
29:57 Plate Mail Armor
30:30 Chemistry
29:44 Squires
29:08 Eagle Warrior
29:37 Arson
30:37 Holcans
29:55 Pikeman
30:37 Elite Eagle Warrior
32:29 Iron Casting
33:28 Halberdier
35:55 Blast Furnace
FranGinaro
10:04 Feudal Age
14:15 Castle Age
12:35 Loom
12:56 Double-Bit Axe
15:49 Bow Saw
15:57 Bow Saw
24:55 Wheelbarrow
28:52 Horse Collar
30:20 Hand Cart
32:36 Imperial Age
31:55 Heavy Plow
33:32 Scale Barding Armor
33:37 Forging
33:53 Heavy Camel Rider
34:33 Husbandry
Connection lost

Rejoining the realm…

Still unreachable

The connection could not be restored.

Session expired

The server has moved on; the page needs a fresh start.